Map: Neu-Gettysburg LE

Players

PRØToss - Winner!

  • Race: Terran Terran

Comander

  • Race: Terran Terran
  • League: Silver

VOD

Have the link to the VOD?

Description

Time

  • Played on: Aug. 28, 2016, 4:23 a.m.
  • Length: 5:54
Show
View Real Time Build Order
Export as new Build Order

PRØToss Terran - Winner!

Build Orders: Reaper Expand 

Get SALT Encoding   

  12  0:01  SCV  
  13  0:13  SCV  
  14  0:18  Supply Depot  
  14  0:25  SCV  
  15  0:40  SCV  
  15  0:41  Barracks  
  16  0:50  Refinery  
  16  0:52  SCV  
  17  1:04  SCV  
  18  1:16  SCV  
  19  1:30  Orbital Command  
  19  1:35  Reaper  
  20  1:42  Command Center  
  20  1:53  Supply Depot  
  20  1:56  SCV  
  21  2:07  Reaper  
  22  2:11  SCV  
  23  2:23  SCV  
  23  2:29  Command Center  
  24  2:35  SCV  
  25  2:40  Reaper  
  25  2:41  Refinery  
  26  2:56  SCV  
  26  2:58  Orbital Command  
  27  3:03  Factory  
  27  3:12  SCV  
  28  3:21  Barracks Reactor  
  28  3:22  Engineering Bay  
  28  3:25  SCV x2  
  30  3:34  Bunker  
  30  3:40  SCV x2  
  32  3:41  Orbital Command  
  32  3:48  Starport  
  32  3:50  Factory Tech Lab  
  32  3:52  Missile Turret, SCV  
  32  3:53  SCV  
  34  3:57  Missile Turret  
  34  4:05  SCV x2  
  36  4:10  SCV  
  36  4:13  Marine x2  
  36  4:17  SCV x2  
  40  4:22  SCV  
  42  4:25  Refinery  
  42  4:26  Refinery  
  42  4:29  SCV x2  
  44  4:31  Banshee  
  44  4:33  Cloaking Field  
  44  4:34  SCV  
  44  4:38  Widow Mine  
  50  4:41  SCV x2  
  52  4:46  Supply Depot  
  52  4:47  Supply Depot, SCV  
  53  4:58  SCV x2  
  53  4:59  SCV  
  56  5:00  Marine x2  
  56  5:05  Barracks  
  56  5:07  Widow Mine, Barracks  
  60  5:15  SCV  
  60  5:16  SCV  
  62  5:25  Orbital Command  
  62  5:27  Supply Depot, Marine  
  62  5:28  Marine, Supply Depot  
  67  5:34  Engineering Bay  
  67  5:36  Armory  
  69  5:48  Factory Tech Lab  
Show
View Real Time Build Order
Export as new Build Order

Comander Terran 

Build Orders:  

Get SALT Encoding   

  12  0:03  SCV  
  13  0:15  SCV  
  14  0:26  Supply Depot  
  14  0:33  SCV  
  15  0:36  Refinery  
  15  0:48  SCV  
  16  0:59  Barracks  
  16  1:26  SCV  
  17  1:38  SCV  
  18  1:47  Supply Depot  
  18  1:50  SCV  
  19  1:58  Barracks Reactor  
  19  2:02  SCV  
  20  2:23  Engineering Bay  
  20  2:25  SCV  
  21  2:37  Marine x2, SCV  
  23  2:55  Marine x2  
  25  3:12  Marine  
  25  3:13  Marine  
  27  3:22  Engineering Bay  
  27  3:23  Terran Infantry Weapons Level 1  
  27  3:30  Marine x2  
  29  3:48  Marine x2  
  29  3:51  Barracks  
  29  3:52  Terran Infantry Armor Level 1  
  31  3:55  Orbital Command  
  31  4:06  Marine x2  
  27  4:24  Marine x2  
  29  4:39  Barracks Tech Lab  
  29  4:41  Marine  
  29  4:42  Marine  
  31  4:47  Factory  
  31  5:37  Factory Tech Lab  
  31  5:38  Supply Depot  
Tags
 
Add a new tag
Caveats
  • Supply blocks, unpowered buildings, or Contaminate may cause inaccurate times.
  • Supply counts are checked every 10 seconds.